 Dungeon Crawl Stone Soup version 0.24.0-1-gfbc8707 (webtiles) character file.

Game seed: 12607789525715179400, levelgen mode: deterministic

54 AmazingTV the Conjurer (level 4, -2/31 HPs)
             Began as a Human Conjurer on Nov 13, 2019.
             Slain by a river rat (4 damage)
             ... on level 3 of the Dungeon.
             The game lasted 00:43:52 (1331 turns).

AmazingTV the Conjurer (Human Conjurer)             Turns: 1331, Time: 00:43:52

Health: -2/31      AC:  4    Str:  8    XL:     4   Next: 12%
Magic:  0/7        EV: 13    Int: 15    God:
Gold:   97         SH:  0    Dex: 15    Spells: 4/7 levels left

rFire    . . .     SeeInvis .   b - +0 short sword
rCold    . . .     Gourm    .   (no shield)
rNeg     . . .     Faith    .   a - +1 robe
rPois    .         Spirit   .   f - +0 helmet
rElec    .         Reflect  .   (no cloak)
rCorr    .         Harm     .   (no gloves)
MR       .....                  (no boots)
Stlth    ++........             (no amulet)
HPRegen  0.10/turn              (no ring)
MPRegen  0.10/turn              (no ring)

@: no status effects
A: no striking features
a: no special abilities


You were on level 3 of the Dungeon.
You were not hungry.

You visited 1 branch of the dungeon, and saw 3 of its levels.

You collected 97 gold pieces.

Inventory:

Hand Weapons
 b - a +0 short sword (weapon)
Armour
 a - a +1 robe (worn)
 f - a +0 helmet (worn)
 m - a +0 robe
Scrolls
 e - 2 scrolls of identify
 h - a scroll of fog {unknown}
 j - 2 scrolls of teleportation
 k - a scroll of amnesia
Potions
 d - a potion of agility {unknown}
 g - a potion of magic {unknown}
 i - 2 potions of mutation {unknown}
 l - a potion of degeneration {unknown}
 n - 3 potions of might {unknown}
 o - 2 potions of curing {unknown}
Comestibles
 c - 3 rations


   Skills:
 + Level 0.4 Fighting
 + Level 0.6 Short Blades
 + Level 2.3 Dodging
 * Level 2.7 Stealth
 + Level 2.4 Spellcasting
 + Level 4.4 Conjurations


You had 4 spell levels left.
You knew the following spells:

 Your Spells              Type           Power        Failure   Level  Hunger
a - Magic Dart            Conj           ###.         3%          1    #......
b - Searing Ray           Conj           ###...       5%          2    ###....

Your spell library contained the following spells:

 Spells                   Type           Power        Failure   Level  Hunger
 Dazzling Spray           Conj/Hex       #.....       26%         3    ###....
 Iskenderun's Mystic Bla  Conj           ###.....     34%         4    #####..
 Force Lance              Conj/Tloc      #.......     65%         4    #####..
 Fulminant Prism          Conj/Hex       #.........   65%         4    #####..


Dungeon Overview and Level Annotations

Branches:
Dungeon (3/15)

Altars:


Message History

The river rat bites you but does no damage.
The river rat bites you.
You closely miss the river rat.
The river rat is almost dead.
The river rat barely misses you. x2
Casting: Magic Dart (safe; 3% risk of failure)
Confirm with . or Enter, or press ? or * to list all spells.
Aiming: Magic Dart (safe; 3% risk of failure)
Press: ? - help, Shift-Dir - straight line, f/p - river rat
Aim: a river rat (almost dead)
The magic dart hits the river rat but does no damage.
The river rat is almost dead.
The river rat barely misses you. The river rat completely misses you.
You barely miss the river rat.
The river rat is almost dead.
The river rat misses you. The river rat bites you!
* * * LOW HITPOINT WARNING * * *
The river rat bites you but does no damage.
The river rat bites you.
You die...

#.........†.w..w.......#
#.#####.##################.##
...........# #.# #.#####.##.#
#.# #..#.# #w# ###+#+#####
#.# ..........# #.#
........r.# #.#
........r@###########.#
≈.......<..+..........)#
≈≈...?....†.#############
≈rr(....†....# ..........#
..#.####### . #. . .


You could see 2 river rats.

Vanquished Creatures
  An adder (D:1)
  An ooze (D:2)
  2 ball pythons
  5 bats
  A giant cockroach (D:2)
  4 goblins
  3 hobgoblins
  8 jackals
  3 quokkas
  A frilled lizard (D:1)
  2 kobolds
  6 rats
37 creatures vanquished.

Notes
Turn   | Place    | Note
-------+----------+-------------------------------------------
     0 | D:1      | AmazingTV the Human Conjurer began the quest for the Orb.
     0 | D:1      | Reached XP level 1. HP: 13/13 MP: 3/3
   162 | D:1      | Reached XP level 2. HP: 12/19 MP: 0/5
   203 | D:1      | Learned a level 2 spell: Searing Ray
   570 | D:2      | Reached XP level 3. HP: 8/24 MP: 2/6
  1101 | D:2      | Reached XP level 4. HP: 30/31 MP: 0/7
  1331 | D:3      | Slain by a river rat

Levels and vault maps discovered:
D:1:      lightli_arrival_flooded_house, layout_rooms, minmay_tromino_mix6
D:2:      layout_rooms, regret_index_temple_of_mockery
D:3:      layout_basic, portal_sewer_entry_a, uniq_sigmund

Action                   |  1- 3 |  4- 6 || total
-------------------------+-------+-------++-------
Melee: Unarmed           |     1 |       ||     1
       Short sword       |    17 |    17 ||    34
 Cast: Magic Dart        |    71 |    21 ||    92
       Searing Ray       |     3 |       ||     3
  Use: Scroll            |     6 |       ||     6
  Eat: Ration            |     1 |       ||     1
Armor: Robe              |    32 |     4 ||    36
Dodge: Dodged            |    74 |    18 ||    92
